 Dungeon Crawl Stone Soup version 0.29.1-4-g47bece8355 (webtiles) character file.

Game seed: 10490116192691737299

63749 iamoutofideas the Executioner (level 15, -1/228 HPs)
             Began as a Hill Orc Berserker on Dec 8, 2022.
             Was a High Priest of Trog.
             Slain by an orc knight
             ... wielding a +1 halberd
              (28 damage)
             ... on level 2 of the Orcish Mines.
             The game lasted 00:28:22 (22014 turns).

iamoutofideas the Executioner (Hill Orc Berserker) Turns: 22014, Time: 00:28:22

Health: -1/228     AC: 18    Str: 31    XL:     15   Next: 10%
Magic:  15/15      EV: 13    Int:  7    God:    Trog [*****.]
Gold:   1847       SH: 10    Dex: 10    Spells: 14/14 levels left

rFire   + . .      SeeInvis +   l - +5 broad axe (elec)
rCold   + . .      Faith    .   a - +0 buckler
rNeg    . . .      Spirit   .   A - +2 troll leather armour {Snorg}
rPois   +          Reflect  +   o - +2 helmet of Purpose {rF+ Will++ Str+3}
rElec   .          Harm     .   (no cloak)
rCorr   .          Rampage  .   f - +2 pair of gloves
Will    +++..                   r - +3 pair of mountain boots {steadfast, rC+}
Stlth   ..........              P - amulet of reflection
HPRegen 1.28/turn               F - ring of see invisible
MPRegen 0.14/turn               e - ring of poison resistance

@: berserking (expiring), very quick
A: no striking features
a: Renounce Religion, Berserk, Trog's Hand, Brothers in Arms


You were on level 2 of the Orcish Mines.
You worshipped Trog.
Trog was extremely pleased with you.
You visited 3 branches of the dungeon, and saw 20 of its levels.

You collected 2531 gold pieces.
You spent 684 gold pieces at shops.

Inventory:

Hand Weapons
 l - a +5 broad axe of electrocution (weapon)
 E - a +2 antimagic battleaxe
 R - a +5 broad axe of flaming
Missiles
 t - 4 silver javelins (quivered)
 K - a throwing net
Armour
 a - a +0 buckler (worn)
 f - a +2 pair of gloves (worn)
 o - the +2 helmet of Purpose (worn) {rF+ Will++ Str+3}
   (You took it off Robin on level 2 of the Dungeon)

   Str:       It affects your strength (+3).
   rF:        It protects you from fire.
   Will:      It greatly increases your willpower.
 r - the +3 pair of mountain boots (worn) {steadfast, rC+}
   (You acquired it on level 12 of the Dungeon)

   It prevents involuntary movement, except for blinking, teleportation, or
   banishment.
   rC:        It protects you from cold.
 A - a +2 troll leather armour (worn) {Snorg}
Jewellery
 e - a ring of poison resistance (right hand)
 F - a ring of see invisible (left hand)
 O - a ring of resist corrosion
 P - an amulet of reflection (around neck)
Wands
 b - a wand of roots (47)
 u - a wand of acid (36)
 y - a wand of paralysis (4)
 D - a wand of polymorph (3)
 Q - a wand of mindburst (5)
Scrolls
 i - a scroll of blinking
 j - 3 scrolls of poison
 s - 6 scrolls of teleportation
 v - 4 scrolls of butterflies
 x - a scroll of fear
 B - a scroll of identify
 C - a scroll of enchant armour
 J - a scroll of magic mapping
 M - a scroll of brand weapon
Potions
 c - 3 potions of brilliance
 d - 7 potions of heal wounds
 g - 3 potions of resistance
 h - 3 potions of mutation
 k - 8 potions of curing
 m - a potion of might
 n - 3 potions of attraction
 p - 6 potions of invisibility
 q - 2 potions of haste
 w - 2 potions of berserk rage
 z - a potion of magic
 G - a potion of lignification
 H - 2 potions of cancellation
 I - 2 potions of flight
Miscellaneous
 L - a piece from Xom's chessboard (15/15)


   Skills:
 * Level 19.5 Fighting
 + Level 21.0 Axes
 + Level 6.9 Armour
 + Level 7.5 Dodging
 + Level 7.2 Shields


You had 14 spell levels left.
You didn't know any spells.
Your spell library contained the following spells:

 Spells                   Type           Power      Damage    Failure   Level
 Sandblast                Erth           0%         2d4       54%         1
 Ensorcelled Hibernation  Hex/Ice        0%         N/A       67%         2
 Passwall                 Tmut/Erth      0%         N/A       67%         2
 Poisonous Vapours        Pois/Air       0%         N/A       67%         2
 Static Discharge         Conj/Air       0%         3-3/arc   67%         2
 Sublimation of Blood     Necr           0%         N/A       67%         2
 Wereblood                Tmut           0%         N/A       67%         2
 Gell's Gravitas          Tloc           0%         N/A       88%         3
 Inner Flame              Hex/Fire       0%         N/A       88%         3
 Spider Form              Tmut/Pois      0%         N/A       88%         3
 Stone Arrow              Conj/Erth      0%         3d7       88%         3
 Teleport Other           Tloc           0%         N/A       88%         3
 Anguish                  Hex/Necr       0%         N/A       99%         4
 Cause Fear               Hex            0%         N/A       99%         4
 Corpse Rot               Necr/Pois/Air  0%         N/A       99%         4
 Lightning Bolt           Conj/Air       0%         1d11      100%        5
 Summon Forest            Summ/Tloc      0%         N/A       100%        5
 Summon Mana Viper        Hex/Summ       0%         N/A       100%        5
 Dispersal                Tloc           0%         N/A       100%        6
 Summon Cactus Giant      Summ           0%         N/A       100%        6
 Summon Hydra             Summ           0%         N/A       100%        7
 Discord                  Hex            0%         N/A       100%        8
 Maxwell's Capacitive Co  Air            0%         ∞         100%        8


Dungeon Overview and Level Annotations

Branches:
Dungeon (13/15)            Temple (0/1) D:7            Lair (5/5) D:8
 Shoals (0/4) Lair:3       Spider (0/4) Lair:3        Slime (0/5) Lair:4
    Orc (2/2) D:11            Elf (0/3) Orc:2
 Vaults: D:13-14

Altars:
Dithmenos
Makhleb
Sif Muna
Uskayaw
Wu Jian
Zin
Lugonu

Shops:
D:5 [   D:7 =   D:8 *   Orc:1 (   Orc:2 (

Portals:
Abyss: Lair:5
Trove: D:11 (give 5 potions of resistance)

Annotations:
D:11 exclusion: downstairs
Lair:3 exclusion: downstairs
Orc:2 3 runed translucent doors, unlimited1921's ghost, journeyman DjFE


Message History

The orc high priest shouts, "Surrender to Beogh and we'll let you live!"
You slash the orange demon!
You kill the orange demon!
The orange demon disappears in a puff of smoke!
An orc warrior comes into view. It is wielding a +0 dire flail.
The orc high priest hits you but does no damage.
The orc sorcerer mumbles some strange words.
The orc knight hits you from afar with a +1 halberd!!
The orc high priest hits you with a +0 mace.
The orc knight hits you from afar with a +3 bardiche!!
* * * LOW HITPOINT WARNING * * *
You slash the orc high priest!
Lightning courses through the orc high priest!
You kill the orc high priest!
Trog accepts your kill.
The smoke demon disappears in a puff of smoke!
The orc high priest shouts, "Beogh is our master!
Accept the truth or die!" 2 orc wizards come into view.
The orc wizard shouts! x2
The orc high priest closely misses you. You block the orc knight's attack.
Things that are here:
a +0 trident; a +0 plate armour You slice the orc high priest!!
Lightning courses through the orc high priest!
The orc high priest is severely wounded.
An orc priest comes into view. It is wielding a +0 flail.
The orc high priest mumbles some strange prayers to Beogh against you.
Beogh smites you!
* * * LOW HITPOINT WARNING * * *
The orc knight hits you from afar with a +1 halberd!!
* * * LOW HITPOINT WARNING * * *
You block the orc knight's attack.
Okay, then.
You are too berserk!
Unknown command.
You slash the orc high priest!
You kill the orc high priest!
Trog accepts your kill.
The orc knight hits you from afar with a +1 halberd!!
You die...

........# .... ..............#..
........# #..o ..#####.##.......
........# ... ...##.##.......
........# #.o ...##.##.......
...#....# oo ...##.##.......
........# #. #. ##..##..##.......
........# #∩.#o##o..##.###......#
........# #...))o)##..# #.....##
.......## ##..)@)##..## #.......
......).# #####))..## #.......
......))# ###### #...##..
#.....))##################.......
..(...)[.#.......................
........#..............#.........
.........#...#.........###.#.....
....#....######.........###...###
.....#....# ##.......#.## ##.## #


You could see 2 orc knights, an orc sorcerer (strong) and an orc warrior
(strong).

Vanquished Creatures
  Frances (D:12)
  Snorg (Orc:2)
  3 boulder beetles
  Erolcha (D:11)
  3 hydras
  4 two-headed ogres
  Erica (Lair:2)
  3 catoblepae
  A death yak (Lair:3)
  2 thrashing horrors (Lair:5)
  2 orc high priests (Orc:2)
  Nergalle (D:11)
  Lodul (D:12)
  An orc knight (Orc:2)
  Pikel (D:7)
  2 ugly things (Lair:5)
  2 orc sorcerers (Orc:2)
  2 cyclopes
  2 manticores
  8 elephants
  A torpor snail (Lair:3)
  A smoke demon (Lair:5)
  2 gargoyles
  6 black mambas
  11 cane toads
  Maggie (D:7)
  7 rime drakes
  8 komodo dragons
  Psyche (D:10)
  3 ancient zymes (Lair:5)
  2 kobold demonologists (D:9)
  A polar bear (Lair:5)
  A polar bear (shapeshifter) (Lair:5)
  10 trolls
  29 blink frogs
  Grinder (D:4)
  Sigmund (D:2)
  44 yaks
  A shadow (D:9)
  3 wraiths
  A spriggan (Lair:5)
  6 wyverns
  2 ynoxinuls (Lair:5)
  A hog (shapeshifter) (Lair:5)
  6 basilisks
  A chaos spawn (Lair:5)
  5 vampire mosquitoes (D:11)
  4 steam dragons
  2 large abominations (Lair:5)
  2 acid dragons
  12 water moccasins
  14 small abominations (Lair:5)
  An ice beast (D:5)
  4 black bears (D:8)
  20 orc warriors
  17 ogres
  10 wolves
  4 centaurs
  4 kobold brigands
  2 necrophages
  12 bullfrogs
  5 gnoll sergeants
  2 scorpions
  14 wights
  3 electric eels
  3 howler monkeys
  6 hounds
  2 jellies
  2 gnoll boudas
  13 orc priests
  Ijyb (D:3)
  2 iguanas
  16 orc wizards
  Robin (D:2)
  24 gnolls
  9 adders
  A shadow imp (D:8)
  An ufetubus (D:7)
  4 worms
  A dart slug (D:5)
  77 orcs
  4 ball pythons
  9 bats
  17 endoplasms
  5 giant cockroaches
  17 goblins
  9 hobgoblins
  7 jackals
  6 quokkas
  2 frilled lizards
  19 kobolds
  5 rats
593 creatures vanquished.

Vanquished Creatures (others)
  2 wolves (Lair:4)
  A wight (D:9)
  An orc priest (Orc:2)
  21 fungi
  28 plants
53 creatures vanquished.

Grand Total: 646 creatures vanquished

Notes
Turn   | Place    | Note
-------+----------+-------------------------------------------
     0 | D:1      | iamoutofideas the Hill Orc Berserker began the quest for
                  | the Orb.
     0 | D:1      | Reached XP level 1. HP: 19/19 MP: 1/1
   450 | D:1      | Reached XP level 2. HP: 26/27 MP: 2/2
  1029 | D:1      | Found a faded altar of an unknown god.
  1255 | D:2      | Reached XP level 3. HP: 15/33 MP: 3/3
  1638 | D:2      | Identified the +2 helmet of Purpose {rF+ Will++ Str+3}
  1638 | D:2      | Noticed Robin
  1655 | D:2      | Killed Robin
  1656 | D:2      | Reached skill level 5 in Axes
  2074 | D:2      | Noticed Sigmund
  2083 | D:2      | Killed Sigmund
  2084 | D:2      | Reached skill level 7 in Axes
  2084 | D:2      | Reached XP level 4. HP: 40/40 MP: 4/4
  2084 | D:2      | Reached XP level 5. HP: 46/46 MP: 5/5
  2230 | D:2      | Reached ** piety under Trog
  2471 | D:2      | Reached XP level 6. HP: 52/52 MP: 6/6
  2668 | D:3      | Reached skill level 8 in Axes
  2818 | D:3      | Found an ornate altar of the Wu Jian Council.
  3197 | D:3      | Noticed Ijyb
  3208 | D:3      | Killed Ijyb
  3634 | D:4      | Noticed Grinder
  3650 | D:4      | Killed Grinder
  3651 | D:4      | Reached skill level 9 in Axes
  3651 | D:4      | Reached XP level 7. HP: 59/59 MP: 5/7
  3950 | D:4      | Reached skill level 10 in Axes
  4344 | D:4      | Reached *** piety under Trog
  4897 | D:5      | Entered Level 5 of the Dungeon
  5159 | D:5      | Reached skill level 11 in Axes
  5159 | D:5      | Reached XP level 8. HP: 61/66 MP: 8/8
  5466 | D:5      | Found Qucvoqy's Armour Shoppe.
  5502 | D:5      | Bought a +2 pair of boots of flying for 236 gold pieces
  5911 | D:5      | Reached skill level 12 in Axes
  7057 | D:6      | Reached skill level 13 in Axes
  7733 | D:6      | Reached skill level 14 in Axes
  7733 | D:6      | Reached XP level 9. HP: 65/71 MP: 5/9
  8069 | D:6      | Reached skill level 15 in Axes
  8566 | D:7      | Noticed Pikel
  8578 | D:7      | Killed Pikel
  8579 | D:7      | Reached skill level 16 in Axes
  8654 | D:7      | Noticed Maggie
  8665 | D:7      | Killed Maggie
  8829 | D:7      | Found a shadowy altar of Dithmenos.
  8921 | D:7      | Found a staircase to the Ecumenical Temple.
  9082 | D:7      | Noticed a manticore
  9092 | D:7      | Killed a manticore
  9093 | D:7      | Reached skill level 5 in Armour
  9093 | D:7      | Reached XP level 10. HP: 80/80 MP: 7/10
  9246 | D:7      | Found Fudicryiss's Jewellery Shop.
  9771 | D:8      | Reached skill level 17 in Axes
  9869 | D:8      | Noticed a cyclops
  9877 | D:8      | Killed a cyclops
  9878 | D:8      | Reached skill level 5 in Fighting
  9968 | D:8      | Found a glowing silver altar of Zin.
 10353 | D:8      | Found a staircase to the Lair.
 10559 | D:8      | Found Haker's General Store.
 10568 | D:8      | Bought a scroll of identify for 28 gold pieces
 10806 | D:8      | Reached skill level 1 in Shields
 11202 | D:9      | Reached **** piety under Trog
 11427 | D:9      | Reached XP level 11. HP: 91/91 MP: 7/11
 11508 | D:9      | Noticed a two-headed ogre
 11515 | D:9      | Killed a two-headed ogre
 11526 | D:9      | Reached skill level 18 in Axes
 11758 | D:9      | Found a hide-covered altar of Uskayaw.
 11946 | D:9      | Found a shimmering blue altar of Sif Muna.
 11947 | D:9      | Found a burning altar of Makhleb.
 12187 | D:10     | Entered Level 10 of the Dungeon
 12509 | D:10     | Noticed a two-headed ogre
 12516 | D:10     | Killed a two-headed ogre
 12689 | D:10     | Reached skill level 5 in Dodging
 12771 | D:10     | Noticed Psyche
 12780 | D:10     | Killed Psyche
 12933 | D:11     | Identified the +2 robe "Amaimig" {rCorr Archmagi}
 12943 | D:11     | Found a staircase to the Orcish Mines.
 12960 | D:11     | Noticed Erolcha
 12960 | D:11     | Noticed Nergalle
 12970 | D:11     | Killed Erolcha
 12971 | D:11     | Reached skill level 10 in Fighting
 12976 | D:11     | Killed Nergalle
 13054 | D:11     | Reached XP level 12. HP: 108/108 MP: 9/12
 13183 | D:11     | Noticed a two-headed ogre
 13219 | D:11     | Identified a scroll of acquirement
 13219 | D:11     | Acquired a +2 broad axe of venom
 13267 | D:11     | Found a portal to a secret trove of treasure.
 13284 | D:11     | Killed a two-headed ogre
 13609 | D:12     | Noticed a five-headed hydra
 13914 | D:12     | Killed a five-headed hydra
 14062 | D:12     | Acquired the +3 pair of mountain boots {steadfast, rC+}
 14062 | D:12     | Found the +3 pair of mountain boots {steadfast, rC+}
 14085 | D:12     | Noticed Frances
 14095 | D:12     | Noticed a soul eater
 14095 | D:12     | Noticed a soul eater
 14095 | D:12     | Killed Frances
 14096 | D:12     | Reached skill level 19 in Axes
 14618 | D:12     | Noticed Lodul
 14633 | D:12     | Killed Lodul
 14753 | D:12     | Reached ***** piety under Trog
 15037 | D:13     | Noticed a boulder beetle
 15045 | D:13     | Killed a boulder beetle
 15073 | D:13     | Noticed a boulder beetle
 15095 | D:13     | Killed a boulder beetle
 15096 | D:13     | Reached skill level 5 in Shields
 15159 | D:13     | Noticed a boulder beetle
 15160 | D:13     | Noticed a centaur warrior
 15321 | Lair:1   | Entered Level 1 of the Lair of Beasts
 15358 | Lair:1   | Noticed a catoblepas
 15366 | Lair:1   | Reached XP level 13. HP: 124/124 MP: 11/13
 15788 | Lair:1   | Identified the +11 falchion of Sandy Tenacity {elec, rF+
                  | Int-2 Dex+2}
 16169 | Lair:2   | Reached skill level 15 in Fighting
 16275 | Lair:2   | Reached skill level 20 in Axes
 16281 | Lair:2   | Noticed Erica
 16291 | Lair:2   | Killed Erica
 16291 | Lair:2   | Received a gift from Trog
 16303 | Lair:2   | Identified the +5 quarterstaff "Fem Xoej" {speed, rElec rF+
                  | Int-4 SInv}
 17039 | Lair:3   | Found a staircase to the Shoals.
 17179 | Lair:3   | Found a hole to the Spider Nest.
 17768 | Lair:3   | Reached XP level 14. HP: 111/138 MP: 10/14
 18091 | Lair:4   | Found a staircase to the Slime Pits.
 18363 | D:7      | Bought an amulet of reflection for 420 gold pieces
 19181 | Lair:5   | Entered Level 5 of the Lair of Beasts
 20142 | Lair:5   | Received a gift from Trog
 20605 | Lair:5   | Found a corrupted altar of Lugonu.
 20605 | Lair:5   | Found a one-way gate to the infinite horrors of the Abyss.
 21098 | Orc:1    | Entered Level 1 of the Orcish Mines
 21261 | Orc:1    | Found Uwackid's Antique Weapon Shop.
 21492 | Orc:2    | Entered Level 2 of the Orcish Mines
 21600 | Orc:2    | Noticed Snorg
 21617 | Orc:2    | Killed Snorg
 21618 | Orc:2    | Reached skill level 21 in Axes
 21692 | Orc:2    | Found a staircase to the Elven Halls.
 21698 | Orc:2    | Found a runed translucent gate.
 21698 | Orc:2    | Found a runed translucent gate.
 21698 | Orc:2    | Found a runed translucent gate.
 21701 | Orc:2    | Noticed unlimited1921's ghost (journeyman DjFE)
 21903 | Orc:2    | Reached XP level 15. HP: 119/152 MP: 15/15
 21988 | Orc:2    | Found Suonkux's Antique Weapon Emporium.
 21995 | Orc:2    | Received a gift from Trog
 22014 | Orc:2    | Slain by an orc knight

Illustrated notes

Levels and vault maps discovered:
D:1:      dpeg_arrival_three_same_balls, layout_loops_ring,
          hellmonk_ecumenical_altar_run_dry, grunt_decor_mini_mirrors,
          minmay_pentomino_r2
D:2:      layout_loops_ring, uniq_robin, uniq_sigmund
D:3:      kennysheep_the_goblin_king, layout_basic, lemuel_round_altar
D:4:      layout_layer_cave, uniq_grinder
D:5:      layout_layer_cave, serial_shops, shop, minmay_puff
D:6:      layout_loops_corners, fountainhead
D:7:      layout_basic, overflow_temple_1_default,
          minmay_temple_entry_junction_2, serial_shops,
          nicolae_shop_behind_doors, uniq_maggie, uniq_pikel
D:8:      layout_gridville, zin_scriptorium, minmay_lair_entry_grove,
          serial_shops, nicolae_shop_stone, minivault_23
D:9:      layout_small_grid, marbit_many_paths, nicolae_overflow_squiral,
          minmay_between
D:10:     layout_irregular_city, uniq_psyche
D:11:     layout_cave_pools, hiddenorc1_lemuel, enter_trove_2, uniq_erolcha,
          uniq_nergalle
D:12:     layout_roguey, special_room [special_room_orc], uniq_frances,
          uniq_lodul
D:13:     kennysheep_bubbly, layout_rooms, david_vaults_4
Lair:1:   layout_gridlike, chequers_serial_rivers_micro_c,
          nicolae_quartered_pool_medium
Lair:2:   layout_loops_ring, chequers_serial_rivers_small_3, uniq_erica
Lair:3:   layout_chaotic_city, shoals_dummy_entry,
          nicolae_spider_entry_orb_guardian, lemuel_fruit_tree,
          grunt_megastairs_5
Lair:4:   layout_loops_ring, nicolae_slime_entry_slimehenge
Lair:5:   hellmonk_lair_end_abyssal_woods, layout_layer_cave,
          lemuel_fruit_fields, grunt_megastairs_3, infiniplex_staircase_pool
Orc:1:    layout_caves, serial_shops, shop
Orc:2:    st_orc_elflike, layout_caves, gammafunk_ghost_split, uniq_snorg

Skill      XL: |  1  2  3  4  5  6  7  8  9 10 11 12 13 14 |
---------------+-------------------------------------------+-----
Fighting       | 4 6 10 14 16 19 | 19.5
Axes           | 7 9 11 14 16 17 18 19 20 21 | 21.0
Armour         | 4 5 6 |  6.9
Dodging        | 2 4 5 6 7 |  7.5
Shields        | 4 5 6 7 |  7.2

Action                   |  1- 3 |  4- 6 |  7- 9 | 10-12 | 13-15 || total
-------------------------+-------+-------+-------+-------+-------++-------
Melee: Hand axe          |   120 |   118 |   339 |    64 |       ||   641
       Punch             |       |       |     1 |     4 |       ||     5
       War axe           |       |       |       |   323 |       ||   323
       Broad axe         |       |       |       |   158 |   589 ||   747
       Morningstar       |       |       |       |     3 |    25 ||    28
Invok: Berserk           |     3 |     3 |    11 |    28 |    11 ||    56
       Trog's Hand       |       |       |       |     4 |     1 ||     5
       Brothers in Arms  |       |       |       |       |     1 ||     1
Evoke: Wand              |       |       |       |       |     2 ||     2
  Use: Scroll            |       |     5 |       |    24 |     5 ||    34
       Potion            |       |       |       |     1 |       ||     1
 Stab: Sleeping          |     1 |       |       |       |       ||     1
Armor: Animal skin       |    13 |     2 |       |       |       ||    15
       Ring mail         |       |    39 |    69 |       |       ||   108
       Steam dragon scal |       |       |    13 |    86 |       ||    99
       Troll leather arm |       |       |       |   134 |   181 ||   315
Dodge: Dodged            |    74 |    67 |   139 |   317 |   279 ||   876
Block: Buckler           |       |       |       |    88 |   188 ||   276
       Reflection        |       |       |       |       |     4 ||     4
